 Dungeon Crawl Stone Soup version 0.27-a0-1500-g450c7e4133 (webtiles) character file.

Game seed: 315367531282918255

203 blackman the Digger (level 5, 0/31 HPs)
             Began as an Octopode Earth Elementalist on July 7, 2021.
             Slain by a hornet (14 damage)
             ... on level 4 of the Dungeon.
             The game lasted 00:16:12 (3448 turns).

blackman the Digger (Octopode Earth Elementalist)   Turns: 3448, Time: 00:16:13

Health: 0/31       AC:  1    Str:  7    XL:     5   Next: 81%
Magic:  6/9        EV: 14    Int: 17    God:
Gold:   173        SH:  0    Dex: 14    Spells: 0/10 levels left

rFire    . . .     SeeInvis .   d - +0 dagger
rCold    . . .     Faith    .   (no shield)
rNeg     . . .     Spirit   .   (helmet restricted)
rPois    .         Reflect  .   (no amulet)
rElec    .         Harm     .   (no ring)
rCorr    .         Rampage  .   (no ring)
Will     .....                  (no ring)
Stlth    +++.......             (no ring)
HPRegen  0.10/turn              (no ring)
MPRegen  0.11/turn              (no ring)
                                (no ring)
                                (no ring)

@: no status effects
A: almost no armour, amphibious, 8 rings, camouflage 1, gelatinous body 1,
(nimble swimmer 1), tentacles
a: no special abilities


You were on level 4 of the Dungeon.
You visited 1 branch of the dungeon, and saw 4 of its levels.

You collected 173 gold pieces.

Inventory:

Hand Weapons
 d - a +0 dagger (weapon)
 r - a +3 vorpal spear
Missiles
 b - 121 stones
Wands
 q - a wand of flame (17)
Scrolls
 c - a scroll of immolation
 e - a scroll of magic mapping
 f - a scroll of teleportation {unknown}
 g - 2 scrolls of identify
 h - a scroll of fear
 j - a scroll of amnesia
 k - a scroll of summoning {unknown}
 l - 2 scrolls of blinking {unknown}
Potions
 a - a potion of cancellation {unknown}
 i - a potion of heal wounds
 m - a potion of invisibility {unknown}
 n - a potion of brilliance {unknown}
 o - 2 potions of magic {unknown}
 p - a potion of lignification {unknown}


   Skills:
 + Level 3.3 Dodging
 - Level 2.6 Stealth
 + Level 3.1 Spellcasting
 - Level 1.0 Transmutations
 * Level 4.9 Earth Magic


You couldn't memorise any spells.
You knew the following spells:

 Your Spells              Type           Power      Damage    Failure   Level
a - Sandblast             Erth           38%        2d10      2%          1
b - Passwall              Tmut/Erth      10%        N/A       8%          2
c - Stone Arrow           Conj/Erth      22%        3d8       19%         3
d - Petrify               Tmut/Erth      12%        N/A       45%         4

Your spell library contained the following spells:

 Spells                   Type           Power      Damage    Failure   Level


Dungeon Overview and Level Annotations

Branches:
Dungeon (4/15)
 Temple: D:4-7

Altars:
Trog


Innate Abilities, Weirdness & Mutations

You cannot wear most types of armour.
You are amphibious.
You can wear up to eight rings at the same time.
Your skin changes colour to match your surroundings (Stealth+).
Your rubbery body absorbs attacks. (AC +1, EV +1)
((You are camouflaged near water. (Stealth+)))
You have tentacles for arms and can constrict up to eight enemies at once.


Message History

You start memorising the spell.
You continue memorising. x4
You finish memorising.
Spell assigned to 'd'.
Casting: Sandblast (safe; 2% risk of failure)
Confirm with . or Enter, or press ? or * to list all spells.
You don't know that spell.
Unknown command.
Casting: Sandblast (safe; 2% risk of failure)
Confirm with . or Enter, or press ? or * to list all spells.
You don't know that spell.
Casting: Sandblast (safe; 2% risk of failure)
Confirm with . or Enter, or press ? or * to list all spells.
Okay, then.
Unknown command.
Unknown command.
Casting: Sandblast (safe; 2% risk of failure)
Confirm with . or Enter, or press ? or * to list all spells.
Okay, then.
Casting: Sandblast (safe; 2% risk of failure)
Confirm with . or Enter, or press ? or * to list all spells.
Aiming: Passwall (safe; 8% risk of failure)
Press: ? - help, Dir - move target A rock wall.
The hornet buzzes angrily.
You begin to meditate on the wall.
You continue meditating on the rock. x2
The scorpion closely misses you.
You continue meditating on the rock.
The hornet misses you. The scorpion stings you. The hornet stings you!
You feel yourself slow down.
You finish merging with the rock.
As you read the scroll labelled JOTUF DAIHIFOENOO, it crumbles to dust.
You feel aware of your surroundings.
It was a scroll of magic mapping.
You feel yourself speed up.
Casting: Passwall (safe; 8% risk of failure)
Confirm with . or Enter, or press ? or * to list all spells.
Aiming: Passwall (safe; 8% risk of failure)
Press: ? - help, Dir - move target A rock wall.
You begin to meditate on the wall.
You continue meditating on the rock.
The hornet stings you!
You die...

....,,,,,,,,,..........>......#.#
..#.,,*,,,,,,..#.........).##.#..
.##,,,*,,,,,...#...........#..#..
.#*,,,*,,,,,..,#...........#.###.
.#*,,,*,,,,,,,,#.................
.#*,,,*,,,,,,,,#######...###.####
.#*,,,********** #...# #.#
##***** *,,,,,,########..###.#
*,****,#@.##.........#
*,,,,*,#.y##.#....####
*********,*,#...#.y.......#
*,,,,,*,,,*,##.....(...##.#
#.....#,***,#......#.####.#
#.....#,* *,#.........#...*
#.....#,* *,########..#.##*
#..[..#,* *,,,,...##.....#####
#)....#,***######.†..........#


You could see a hornet.

Vanquished Creatures
  A scorpion (D:4)
  Robin (D:3)
  A howler monkey skeleton (D:4)
  3 adders
  5 dart slugs
  10 endoplasms
  5 giant cockroaches
  11 goblins
  11 hobgoblins
  4 jackals (D:2)
  3 kobolds
  2 quokkas (D:1)
  8 ball pythons
  5 bats
  3 frilled lizards
  8 rats
81 creatures vanquished.

Notes
Turn   | Place    | Note
-------+----------+-------------------------------------------
     0 | D:1      | blackman the Octopode Earth Elementalist began the quest
                  | for the Orb.
     0 | D:1      | Reached XP level 1. HP: 11/11 MP: 3/3
   170 | D:1      | Reached XP level 2. HP: 17/17 MP: 1/5
   532 | D:1      | Reached XP level 3. HP: 17/21 MP: 0/6
   614 | D:1      | Learned a level 2 spell: Passwall
   618 | D:1      | Learned a level 3 spell: Stone Arrow
  1586 | D:2      | Reached skill level 4 in Earth Magic
  1586 | D:2      | Reached XP level 4. HP: 27/27 MP: 3/7
  2128 | D:3      | Noticed Robin
  2477 | D:3      | Found a bloodstained altar of Trog.
  2595 | D:3      | Killed Robin
  2912 | D:4      | Noticed a scorpion
  2913 | D:4      | Reached XP level 5. HP: 31/31 MP: 7/9
  2925 | D:4      | Noticed a fire bat
  2925 | D:4      | a scorpion changed into a fire bat
  2927 | D:4      | Noticed a hornet
  2927 | D:4      | a fire bat changed into a hornet
  3438 | D:4      | Learned a level 4 spell: Petrify
  3448 | D:4      | Slain by a hornet

Illustrated notes

Levels and vault maps discovered:
D:1:      wheals_arrival_shading, layout_rooms
D:2:      layout_loops_cross
D:3:      layout_rooms, mainiacjoe_overflow_boulevard, kennysheep_crisscross,
          chequers_serial_rivers_micro_e, uniq_robin
D:4:      layout_basic, corexii_item_surrounded_by_moat

Skill      XL: |  1  2  3  4  5 |
---------------+----------------+-----
Earth Magic    | 4 |  4.9
Dodging        | 3 |  3.3
Spellcasting   | 3 |  3.1
Stealth        | |  2.6
Transmutations | |  1.0

Action                   |  1- 3 |  4- 6 || total
-------------------------+-------+-------++-------
Melee: Unarmed           |     5 |       ||     5
       Tentacles         |     4 |       ||     4
       Constrict         |     2 |     2 ||     4
       Dagger            |    11 |     9 ||    20
 Cast: Sandblast         |    51 |    66 ||   117
       Passwall          |     1 |     2 ||     3
Evoke: Wand              |       |     4 ||     4
  Use: Scroll            |       |     5 ||     5
       Potion            |       |     2 ||     2
 Stab: Sleeping          |     3 |     2 ||     5
Armor: Skin              |     4 |     3 ||     7
Dodge: Dodged            |    17 |    27 ||    44

Table legend: (Time is in decaauts)
 A = Elapsed time spent in this place.
 B = Non-inter-level travel time spent in this place.
 C = Inter-level travel time spent in this place.
 D = Time resting spent in this place.
 E = Time spent auto-exploring this place.
 F = Levels seen in this place.
 G = Mean time per level.
                   A        B        C        D        E       F      G
               +--------+--------+--------+--------+--------+-----+--------+
         Total |   3451 |   3275 |    176 |    171 |   2495 |   4 |  862.8 |
       Dungeon |   3451 |   3275 |    176 |    171 |   2495 |   4 |  862.8 |
               +--------+--------+--------+--------+--------+-----+--------+

Top non-repeatable levels by time:
     D:2: 1179 daAuts
     D:1: 909 daAuts
     D:3: 811 daAuts
     D:4: 550 daAuts
